SAL
HICKORY CRAWDADS @ ROME BRAVES
04/13/2099
 
TOP OF THE 1ST
Hickory Crawdads batting - Pitching for Rome Braves : RHP Juan de Anda
Pitching: RHP Juan de Anda
Batting: RHB Greg Milne 0-0: Fly out, F8 (Flyball, 8RD, EV 89.4 MPH)
Batting: RHB Frank Goodwin 0-0: Called Strike
0-1: Ball
1-1: Ball
2-1: Foul Ball, location: 23F
2-2: Ball
3-2: Fly out, F4 (Line Drive, 4D, EV 66.9 MPH)
Batting: RHB Alex Colgan 0-0: Called Strike
0-1: Ball
1-1: Ball
2-1: Foul Ball, location: 9LDF
2-2: Foul Ball, location: 3FF
2-2: Foul Ball, location: 7LSF
2-2: DOUBLE (Flyball, 8RXD, EV 93.1 MPH)
Batting: RHB David Victoria 0-0: Ball
1-0: Foul Ball, location: 2F
1-1: Ball
2-1: SINGLE (Line Drive, 6MD, EV 98.8 MPH)
Alex Colgan to third
Runner from 3rd tries for Home, SAFE, throw by CF to home
David Victoria to second
Batting: LHB Brad Allen 0-0: Ball
1-0: Foul Ball, location: 7LSF
1-1: Swinging Strike
1-2: SINGLE (Line Drive, 9S, EV 91.9 MPH)
David Victoria to third
Runner from 3rd tries for Home, SAFE, throw by RF to home
Pitching: LHP Jonathan Nelson
Batting: SHB Rodrigo Ruiz 0-0: Swinging Strike
0-1: Foul Ball, location: 9LMF
0-2: Foul Ball, location: 25FF
0-2: Strikes out swinging
Top of the 1st over - 2 runs, 3 hits, 0 errors, 1 left on base; Hickory 2 - Rome 0
BOTTOM OF THE 1ST
Rome Braves batting - Pitching for Hickory Crawdads : RHP Chris Lewis
Pitching: RHP Chris Lewis
Batting: RHB Jesus Asevedo 0-0: Called Strike
0-1: Fly out, F8 (Flyball, 8LD, EV 107.5 MPH)
Batting: RHB Kevin Gricus 0-0: Called Strike
0-1: Ground out 1-3 (Groundball, 15S, EV 68.1 MPH)
Batting: SHB Kyle Montgomery 0-0: Foul Ball, location: 7LDF
0-1: Foul Ball, location: 2F
0-2: SOLO HOME RUN (Flyball, 9D, EV 101.9 MPH), Distance : 401 ft
Batting: RHB Todd Cabe 0-0: Fly out, F4 (Popup, 34S, EV 70.6 MPH)
Bottom of the 1st over - 1 run, 1 hit, 0 errors, 0 left on base; Hickory 2 - Rome 1
TOP OF THE 2ND
Hickory Crawdads batting - Pitching for Rome Braves : LHP Jonathan Nelson
Batting: RHB Nate Danahy 0-0: Ground out 6-3 (Groundball, 6, EV 81.3 MPH)
Batting: LHB Branden Clark 0-0: Foul Ball, location: 2F
0-1: Ball
1-1: Called Strike
1-2: Strikes out swinging
Batting: LHB Brian Edwards 0-0: Called Strike
0-1: Called Strike
0-2: SINGLE (Line Drive, 78S, EV 109.4 MPH)
Batting: RHB Greg Milne 0-0: Called Strike
0-1: Ball
1-1: Foul Ball, location: 2F
1-2: Ball
2-2: Ground out 4-3 (Groundball, 34, EV 90.6 MPH)
Top of the 2nd over - 0 runs, 1 hit, 0 errors, 1 left on base; Hickory 2 - Rome 1
BOTTOM OF THE 2ND
Rome Braves batting - Pitching for Hickory Crawdads : RHP Chris Lewis
Batting: LHB Justin Swartz 0-0: Ball
1-0: Called Strike
1-1: Ball
2-1: Ball
3-1: Swinging Strike
3-2: Ground out 4-3 (Groundball, 4, EV 80.0 MPH)
Batting: RHB Ronnie Lambert 0-0: Called Strike
0-1: Ball
1-1: Ball
2-1: Called Strike
2-2: Fly out, F8 (Flyball, 8LD, EV 100.0 MPH)
Batting: LHB Vinny Giron 0-0: SINGLE (Groundball, 4S, EV 69.4 MPH) (infield hit)
Batting: RHB Justin Goldenstein 0-0: Single, Error in OF, E7, batter to second base (Groundball, 56D, EV 101.3 MPH)
Vinny Giron to third
Batting: RHB Henry Bedford 0-0: Called Strike
0-1: Called Strike
0-2: Ball
1-2: Foul Ball, location: 23F
1-2: Ball
2-2: Strikes out swinging
Bottom of the 2nd over - 0 runs, 2 hits, 1 error, 2 left on base; Hickory 2 - Rome 1
TOP OF THE 3RD
Hickory Crawdads batting - Pitching for Rome Braves : LHP Jonathan Nelson
Batting: RHB Frank Goodwin 0-0: Ball
1-0: Fly out, F6 (Line Drive, 6MD, EV 68.1 MPH)
Batting: RHB Alex Colgan 0-0: Ball
1-0: Ball
2-0: Ball
3-0: Base on Balls
Batting: RHB David Victoria 0-0: Called Strike
0-1: Foul Ball, location: 2F
0-2: Foul Ball, location: 9LDF
0-2: Ball
1-2: Foul Ball, location: 3F
1-2: SINGLE (Line Drive, 8LS, EV 96.3 MPH)
Alex Colgan to second
Batting: LHB Brad Allen 0-0: Swinging Strike
0-1: Called Strike
0-2: Strikes out swinging
Batting: SHB Rodrigo Ruiz 0-0: 3-RUN HOME RUN (Flyball, 9LD, EV 95.0 MPH), Distance : 352 ft
Batting: RHB Nate Danahy 0-0: Ball
1-0: Ball
2-0: Ball
3-0: Base on Balls
Batting: LHB Branden Clark 0-0: Ball
1-0: Ball
2-0: Swinging Strike
2-1: Ball
3-1: Ground out 4-3 (Groundball, 4, EV 86.9 MPH)
Top of the 3rd over - 3 runs, 2 hits, 0 errors, 1 left on base; Hickory 5 - Rome 1
BOTTOM OF THE 3RD
Rome Braves batting - Pitching for Hickory Crawdads : RHP Chris Lewis
Batting: RHB Jesus Asevedo 0-0: Ball
1-0: Swinging Strike
1-1: Foul Ball, location: 9LMF
1-2: Fly out, F4 (Line Drive, 34, EV 95.6 MPH)
Batting: RHB Kevin Gricus 0-0: SINGLE (Line Drive, 89S, EV 110.0 MPH)
Batting: SHB Kyle Montgomery 0-0: Called Strike
0-1: Foul Ball, location: 2F
0-2: Strikes out swinging
Batting: RHB Todd Cabe 0-0: Ball
1-0: Ball
2-0: Ball
3-0: Called Strike
3-1: Called Strike
3-2: Ground out 4-3 (Groundball, 13, EV 92.5 MPH)
Bottom of the 3rd over - 0 runs, 1 hit, 0 errors, 1 left on base; Hickory 5 - Rome 1
TOP OF THE 4TH
Hickory Crawdads batting - Pitching for Rome Braves : LHP Jonathan Nelson
Batting: LHB Brian Edwards 0-0: Foul Ball, location: 5FF
0-1: Foul Ball, location: 2F
0-2: Foul Ball, location: 5FF
0-2: Ball
1-2: Foul Ball, location: 5DF
1-2: Ball
2-2: Foul Ball, location: 2F
2-2: Foul Ball, location: 2LF
2-2: Foul Ball, location: 2F
2-2: SINGLE (Line Drive, 89M, EV 98.1 MPH)
Batting: RHB Greg Milne 0-0: Grounds into double play, 4-6-3 (Groundball, 4MD, EV 95.0 MPH)
Batting: RHB Frank Goodwin 0-0: Ball
1-0: Swinging Strike
1-1: Swinging Strike
1-2: Ball
2-2: Strikes out swinging
Top of the 4th over - 0 runs, 1 hit, 0 errors, 0 left on base; Hickory 5 - Rome 1
BOTTOM OF THE 4TH
Rome Braves batting - Pitching for Hickory Crawdads : RHP Chris Lewis
Batting: LHB Justin Swartz 0-0: Foul Ball, location: 2F
0-1: Foul Ball, location: 2F
0-2: Fly out, F2 (Popup, 2LF, EV 96.9 MPH)
Batting: RHB Ronnie Lambert 0-0: Ball
1-0: Foul Ball, location: 5FF
1-1: Ball
2-1: Ground out 4-3 (Groundball, 4, EV 85.6 MPH)
Batting: LHB Vinny Giron 0-0: Ball
1-0: Ground out 5-3 (Groundball, 5, EV 102.5 MPH)
Bottom of the 4th over - 0 runs, 0 hits, 0 errors, 0 left on base; Hickory 5 - Rome 1
TOP OF THE 5TH
Hickory Crawdads batting - Pitching for Rome Braves : LHP Jonathan Nelson
Batting: RHB Alex Colgan 0-0: Called Strike
0-1: Ball
1-1: Ball
2-1: Ball
3-1: Foul Ball, location: 5FF
3-2: SINGLE (Line Drive, 4D, EV 95.6 MPH)
Batting: RHB David Victoria 0-0: Swinging Strike
0-1: Foul Ball, location: 25FF
0-2: Ball
1-2: Fly out, F9 (Flyball, 89D, EV 104.4 MPH)
Batting: LHB Brad Allen 0-0: Called Strike
0-1: Fly out, F8 (Flyball, 8RS, EV 95.6 MPH)
Batting: SHB Rodrigo Ruiz 0-0: Called Strike
0-1: Ball
1-1: Ball
2-1: Swinging Strike
2-2: Strikes out looking
Top of the 5th over - 0 runs, 1 hit, 0 errors, 1 left on base; Hickory 5 - Rome 1
BOTTOM OF THE 5TH
Rome Braves batting - Pitching for Hickory Crawdads : RHP Chris Lewis
Batting: RHB Justin Goldenstein 0-0: Ball
1-0: Called Strike
1-1: Hit by Pitch
Batting: RHB Henry Bedford 0-0: Foul Ball, location: 3SF
0-1: Called Strike
0-2: Grounds into double play, 4-6-3 (Groundball, 34, EV 86.3 MPH)
Batting: RHB Jesus Asevedo 0-0: Called Strike
0-1: Ball
1-1: DOUBLE (Flyball, 8LD, EV 100.0 MPH)
Batting: RHB Kevin Gricus 0-0: Called Strike
0-1: SINGLE (Line Drive, 89S, EV 86.3 MPH)
Jesus Asevedo to third
Runner from 3rd tries for Home, SAFE, throw by CF to home
Batting: SHB Kyle Montgomery 0-0: Ball
1-0: Foul Ball, location: 2F
1-1: Ball
2-1: Foul Ball, location: 23F
2-2: Ball
3-2: DOUBLE (Flyball, 8RXD, EV 111.3 MPH)
Kevin Gricus to third
Kevin Gricus scores
Batting: RHB Todd Cabe 0-0: 2-RUN HOME RUN (Flyball, 9LD, EV 93.8 MPH), Distance : 347 ft
Pitching: LHP Sa'ng Ng
Batting: LHB Justin Swartz 0-0: Ball
1-0: Called Strike
1-1: Ball
2-1: Ball
3-1: Foul Ball, location: 2F
3-2: Foul Ball, location: 5F
3-2: Fly out, F8 (Line Drive, 89M, EV 101.9 MPH)
Bottom of the 5th over - 4 runs, 4 hits, 0 errors, 0 left on base; Hickory 5 - Rome 5
TOP OF THE 6TH
Hickory Crawdads batting - Pitching for Rome Braves : LHP Jonathan Nelson
Batting: RHB Nate Danahy 0-0: Ball
1-0: SINGLE (Groundball, 4MD, EV 108.1 MPH)
Pinch Hitting: RHB Mike Herrmann 0-0: Grounds into double play, 5-4-3 (Groundball, 56S, EV 79.4 MPH)
Batting: LHB Brian Edwards 0-0: Called Strike
0-1: Ball
1-1: Swinging Strike
1-2: Strikes out swinging
Top of the 6th over - 0 runs, 1 hit, 0 errors, 0 left on base; Hickory 5 - Rome 5
BOTTOM OF THE 6TH
Rome Braves batting - Pitching for Hickory Crawdads : LHP Sa'ng Ng
Now at 2B: Mike Herrmann
Batting: RHB Ronnie Lambert 0-0: Ball
1-0: Ball
2-0: Called Strike
2-1: Ball
3-1: Swinging Strike
3-2: Reached on error, E6 (Groundball, 6, EV 86.3 MPH)
Batting: LHB Vinny Giron 0-0: Ball
1-0: Called Strike
1-1: Swinging Strike
1-2: SINGLE (Groundball, 13S, EV 70.6 MPH) (infield hit)
Ronnie Lambert to second
Batting: RHB Justin Goldenstein 0-0: Called Strike
0-1: Bunted foul
0-2: Ball
1-2: Strikes out looking
Batting: RHB Henry Bedford 0-0: Ball
1-0: Ball
2-0: Called Strike
2-1: Fly out, F8 (Flyball, 78D, EV 83.1 MPH)
Batting: RHB Jesus Asevedo 0-0: Foul Ball, location: 2F
0-1: Ball
1-1: Ball
Wild Pitch!
Ronnie Lambert to third
Vinny Giron to second
2-1: Foul Ball, location: 5F
2-2: Foul Ball, location: 9LDF
2-2: Foul Ball, location: 3F
2-2: Ball
3-2: Base on Balls
Batting: RHB Kevin Gricus 0-0: Ball
1-0: Called Strike
1-1: Called Strike
1-2: Ball
2-2: Ball
3-2: Base on Balls
Ronnie Lambert scores
Vinny Giron to third
Jesus Asevedo to second
Pitching: RHP Tyler Smith
Batting: SHB Kyle Montgomery 0-0: Called Strike
0-1: Swinging Strike
0-2: Ball
1-2: Ball
2-2: Strikes out swinging
Bottom of the 6th over - 1 run, 1 hit, 1 error, 3 left on base; Hickory 5 - Rome 6
TOP OF THE 7TH
Hickory Crawdads batting - Pitching for Rome Braves : LHP Jonathan Nelson
Batting: RHB Greg Milne 0-0: Ball
1-0: Swinging Strike
1-1: Swinging Strike
1-2: Foul Ball, location: 9LDF
1-2: Strikes out swinging, 2-3 out at first.
Batting: RHB Frank Goodwin 0-0: Swinging Strike
0-1: Ball
1-1: Swinging Strike
1-2: Strikes out looking
Batting: RHB Alex Colgan 0-0: Ball
1-0: SINGLE (Groundball, 4MD, EV 95.0 MPH)
Pitching: RHP Tony Chavez
Batting: RHB David Victoria 0-0: Called Strike
0-1: Ball
1-1: Called Strike
1-2: Foul Ball, location: 2F
1-2: Foul Ball, location: 3FF
1-2: Ball
2-2: Ball
3-2: Foul Ball, location: 2F
3-2: Fly out, F7 (Flyball, 78M, EV 98.1 MPH)
Top of the 7th over - 0 runs, 1 hit, 0 errors, 1 left on base; Hickory 5 - Rome 6
BOTTOM OF THE 7TH
Rome Braves batting - Pitching for Hickory Crawdads : RHP Tyler Smith
Batting: RHB Todd Cabe 0-0: Ball
1-0: Ball
2-0: Ball
3-0: Called Strike
3-1: Fly out, F8 (Flyball, 8LD, EV 97.5 MPH)
Batting: LHB Justin Swartz 0-0: Called Strike
0-1: Called Strike
0-2: Ball
1-2: Ball
2-2: Ground out U3 (Groundball, 3, EV 77.5 MPH)
Batting: RHB Ronnie Lambert 0-0: Ball
1-0: Foul Ball, location: 23F
1-1: Foul Ball, location: 2LF
1-2: Strikes out swinging
Bottom of the 7th over - 0 runs, 0 hits, 0 errors, 0 left on base; Hickory 5 - Rome 6
TOP OF THE 8TH
Hickory Crawdads batting - Pitching for Rome Braves : RHP Tony Chavez
Batting: LHB Brad Allen 0-0: Foul Ball, location: 7LDF
0-1: Ball
1-1: Called Strike
1-2: Strikes out swinging
Batting: SHB Rodrigo Ruiz 0-0: Ball
1-0: Swinging Strike
1-1: Ball
2-1: Ball
3-1: Ground out 5-3 (Groundball, 56, EV 86.3 MPH)
Batting: RHB Nate Danahy 0-0: Ground out 4-3 (Groundball, 4, EV 78.1 MPH)
Top of the 8th over - 0 runs, 0 hits, 0 errors, 0 left on base; Hickory 5 - Rome 6
BOTTOM OF THE 8TH
Rome Braves batting - Pitching for Hickory Crawdads : RHP Tyler Smith
Pitching: LHP Roberto Pena
Pinch Hitting: RHB Bobby Quiroz 0-0: Called Strike
0-1: Called Strike
0-2: Ball
1-2: Strikes out swinging
Batting: RHB Justin Goldenstein 0-0: Called Strike
0-1: Ball
1-1: Foul Ball, location: 2F
1-2: Strikes out swinging, 2-3 out at first.
Batting: RHB Henry Bedford 0-0: Called Strike
0-1: Fly out, F3 (Popup, 3S, EV 76.9 MPH)
Bottom of the 8th over - 0 runs, 0 hits, 0 errors, 0 left on base; Hickory 5 - Rome 6
TOP OF THE 9TH
Hickory Crawdads batting - Pitching for Rome Braves : RHP Tony Chavez
Now in RF: Robby Rios
Batting: RHB Mike Herrmann 0-0: Called Strike
0-1: Swinging Strike
0-2: Strikes out looking
Batting: LHB Brian Edwards 0-0: Called Strike
0-1: Foul Ball, location: 25F
0-2: Strikes out swinging
Pinch Hitting: RHB John Parker 0-0: Ball
1-0: SINGLE (Line Drive, 78S, EV 100.0 MPH)
Batting: RHB Frank Goodwin 0-0: Swinging Strike
0-1: Foul Ball, location: 2F
0-2: Ground out 6-3 (Groundball, 56S, EV 80.0 MPH)
Top of the 9th over - 0 runs, 1 hit, 0 errors, 1 left on base; Hickory 5 - Rome 6
Friday, May 3rd , 2024 - OOTP Baseball 24.11 Build 85